 Dungeon Crawl Stone Soup version 0.30-a0-883-g5ad918d77d (console) character file.

Game seed: 16466507313979699116

1971 jejorda2 the Spear-Bearer (level 9, 0/69 HPs)
             Began as a Merfolk Berserker on Mar 15, 2023.
             Was a Priest of Trog.
             Killed from afar by a steam dragon (15 damage)
             ... with a ball of steam
             ... on level 7 of the Dungeon.
             The game lasted 00:16:18 (6014 turns).

jejorda2 the Spear-Bearer (Merfolk Berserker)       Turns: 6014, Time: 00:16:18

Health: 0/69       AC: 18    Str: 21    XL:     9   Next: 20%
Magic:  9/9        EV:  8    Int:  6    God:    Trog [***...]
Gold:   404        SH:  0    Dex: 14    Spells: 8/8 levels left

rFire   . . .      SeeInvis +    a - +0 scythe
rCold   . . .      Faith    .    (shield currently unavailable)
rNeg    . . .      Spirit   .    m - +0 chain mail
rPois   .          Reflect  .    (no helmet)
rElec   +          Rampage  .    z - +2 cloak "Ypni Peph" {rElec}
rCorr   .                        (no gloves)
Will    .....                    i - +0 pair of boots Stlth
                                 (no amulet)
HPRegen 0.31/turn                u - ring of see invisible
MPRegen 0.11/turn                x - +4 ring of protection

@: on berserk cooldown, slowed, very slow
A: (nimble swimmer 2), mertail
a: Renounce Religion, Berserk, Trog's Hand


You were on level 7 of the Dungeon.
You worshipped Trog.
Trog was most pleased with you.
You visited 1 branch of the dungeon, and saw 7 of its levels.

You collected 404 gold pieces.

Inventory:

Hand Weapons
 a - a +0 scythe (weapon)
 s - a +0 battleaxe
 A - a +0 trident
Missiles
 b - 4 silver boomerangs
 f - 19 poisoned darts
 j - 3 silver javelins
 q - a boomerang
 r - 30 stones (quivered)
 y - 3 atropa-tipped darts
Armour
 i - a +0 pair of boots (worn)
 m - a +0 chain mail (worn)
 z - the +2 cloak "Ypni Peph" (worn) {rElec}
   (You found it on level 4 of the Dungeon)

   rElec:     It insulates you from electricity.
Jewellery
 u - a ring of see invisible (left hand)
 x - a +4 ring of protection (right hand)
Wands
 v - a wand of iceblast (5)
Scrolls
 g - 2 scrolls of enchant weapon
 h - 5 scrolls of teleportation
 n - 3 scrolls of fear
 o - a scroll of silence
Potions
 c - 3 potions of curing
 d - a potion of ambrosia {unknown}
 e - 5 potions of heal wounds
 k - a potion of degeneration {unknown}
 l - 2 potions of flight
 p - a potion of attraction {unknown}
 t - 2 potions of cancellation
 w - 2 potions of might
 B - a potion of lignification {unknown}
 C - a potion of magic {unknown}


   Skills:
 - Level 6.0 Fighting
 + Level 3.6(5.8) Axes
 * Level 11.1(11.7) Polearms
 + Level 4.4 Armour
 - Level 2.6 Dodging


You had 8 spell levels left.
You didn't know any spells.
Your spell library was empty.

Dungeon Overview and Level Annotations

Branches:
Dungeon (7/15)
 Temple: D:4-7

Altars:
Cheibriados
Gozag
Kikubaaqudgha
Wu Jian


Innate Abilities, Weirdness & Mutations

((You are very nimble when in or above water. (Stealth+, EV+, Speed+++)))
Your lower body shifts to a powerful aquatic tail in water.


Message History

The steam dragon barely misses you.
You slice the steam dragon!!
The steam dragon is severely wounded.
You barely miss the steam dragon.
The steam dragon is severely wounded.
You are no longer berserk.
You are exhausted.
You feel yourself slow down. The steam dragon completely misses you.
The steam dragon claws you but does no damage.
You closely miss the steam dragon.
The steam dragon is severely wounded.
The steam dragon bites you. The steam dragon barely misses you.
The steam dragon bites you.
The steam dragon claws you but does no damage.
You closely miss the steam dragon.
The steam dragon is severely wounded.
The steam dragon breathes steam at you. The ball of steam hits you!
You hit the steam dragon.
The steam dragon is severely wounded.
You are engulfed in a cloud of scalding steam.
The steam dragon bites you.
The steam dragon claws you but does no damage.
You hit the steam dragon.
The steam dragon is almost dead.
You are engulfed in a cloud of scalding steam.
* * * LOW HITPOINT WARNING * * *
The steam dragon barely misses you.
The steam dragon claws you but does no damage.
The steam dragon bites you but does no damage.
The steam dragon barely misses you. The steam dragon bites you.
* * * LOW HITPOINT WARNING * * *
The steam dragon claws you.
* * * LOW HITPOINT WARNING * * *
You closely miss the steam dragon.
The steam dragon is almost dead.
The steam dragon breathes steam at you. The ball of steam hits you!
You die...

!.. .... ...
#.### #?..#
#..###+#
#...#@.#
#...D.## #...###
#...#
#..§#######
######....§.....
...........§....
............§.D.
............§...


You could see a steam dragon (catching breath).

Vanquished Creatures
  Sigmund (D:5)
  A steam dragon (D:6)
  A water moccasin (D:7)
  An ice beast (D:6)
  Duvessa (D:5)
  A sky beast (D:6)
  A centaur (D:6)
  Blork the orc (D:4)
  3 bullfrogs
  A necrophage (D:4)
  A wight (D:4)
  Dowan (D:5)
  A jelly (D:6)
  2 bullfrog zombies (D:4)
  A hound (D:5)
  A human zombie (D:4)
  An orc priest (D:4)
  A gnoll bouda (D:7)
  2 sleepcaps
  3 iguanas
  2 orc wizards
  2 scorpion zombies (D:4)
  4 mummies (D:4)
  8 adders
  10 gnolls
  3 shadow imps
  A white imp (D:6)
  3 ufetubi
  An adder zombie (D:4)
  5 worms
  2 dart slugs
  9 orcs
  5 endoplasms
  3 giant cockroaches
  2 hobgoblins
  3 jackals (D:2)
  4 kobolds
  2 quokkas
  6 ball pythons
  9 bats
  A frilled lizard (D:2)
  11 goblins
  6 rats
128 creatures vanquished.

Vanquished Creatures (others)
  2 orcs (D:7)
2 creatures vanquished.

Grand Total: 130 creatures vanquished

Notes
Turn   | Place    | Note
-------+----------+-------------------------------------------
     0 | D:1      | jejorda2 the Merfolk Berserker began the quest for the Orb.
     0 | D:1      | Reached XP level 1. HP: 18/18 MP: 1/1
   149 | D:1      | Reached XP level 2. HP: 24/24 MP: 2/2
   449 | D:1      | Reached XP level 3. HP: 26/29 MP: 3/3
   916 | D:2      | Reached skill level 5 in Polearms
  1308 | D:2      | Reached XP level 4. HP: 36/37 MP: 4/4
  1316 | D:2      | Reached ** piety under Trog
  1810 | D:2      | Reached XP level 5. HP: 42/42 MP: 5/5
  1823 | D:2      | Reached skill level 6 in Polearms
  2518 | D:3      | Identified a scroll of acquirement
  2518 | D:3      | Acquired a ring of see invisible
  2905 | D:4      | Noticed Blork the orc
  2923 | D:4      | Killed Blork the orc
  2924 | D:4      | Reached XP level 6. HP: 14/49 MP: 6/6
  3102 | D:4      | Reached skill level 7 in Polearms
  3382 | D:4      | Found an ornate altar of the Wu Jian Council.
  3489 | D:4      | Reached XP level 7. HP: 55/55 MP: 7/7
  3491 | D:4      | Reached skill level 5 in Fighting
  3491 | D:4      | Reached skill level 1 in Axes
  3654 | D:4      | Identified the +2 cloak "Ypni Peph" {rElec}
  3897 | D:4      | Reached skill level 8 in Polearms
  3950 | D:4      | Found an ancient bone altar of Kikubaaqudgha.
  4048 | D:5      | Entered Level 5 of the Dungeon
  4274 | D:5      | Reached *** piety under Trog
  4275 | D:5      | Reached XP level 8. HP: 61/63 MP: 8/8
  4286 | D:5      | Noticed Dowan
  4287 | D:5      | Noticed Duvessa
  4295 | D:5      | Killed Duvessa
  4301 | D:5      | Killed Dowan
  4302 | D:5      | Reached skill level 9 in Polearms
  4397 | D:5      | Noticed Sigmund
  4412 | D:5      | Killed Sigmund
  5036 | D:6      | Found an opulent altar of Gozag.
  5266 | D:6      | Reached skill level 10 in Polearms
  5423 | D:6      | Found a snail-covered altar of Cheibriados.
  5622 | D:7      | Reached XP level 9. HP: 69/69 MP: 9/9
  5938 | D:7      | Reached skill level 11 in Polearms
  6014 | D:7      | Killed from afar by a steam dragon

Illustrated notes

Levels and vault maps discovered:
D:1:      dpeg_arrival_central, layout_loops_ring
D:2:      layout_basic, minmay_heptomino_w4
D:3:      layout_basic, serial_rivers, chequers_serial_rivers_micro_d,
          chequers_serial_rivers_micro_e, chequers_serial_rivers_micro_b,
          chequers_serial_rivers_small_a, chequers_serial_rivers_marsh,
          chequers_serial_rivers_micro_c, cheibrodos_sewer_entry_bend
D:4:      layout_basic, pdpol_wu_jian_five_deadly_venoms,
          lemuel_mausoleum_altar_kikubaaqudgha, uniq_blork_the_orc
D:5:      layout_layer_cave, uniq_duvessa, uniq_sigmund
D:6:      layout_basic, mainiacjoe_overflow_tiny_flanked,
          mainiacjoe_overflow_six_doors_small
D:7:      layout_loops_cross, amcnicky_altar_gilded,
          mainiacjoe_overflow_24_doors, mainiacjoe_overflow_alcove_4,
          minmay_temple_entry_trees

Skill      XL: |  1  2  3  4  5  6  7  8  9 |
---------------+----------------------------+-----
Polearms       | 5 6 7 8 10 11 | 11.1
Fighting       | 4 5 6 |  6.0
Armour         | 2 3 4 |  4.4
Axes           | 1 3 |  3.6
Dodging        | |  2.6

Action                     |  1- 3 |  4- 6 |  7- 9 || total
---------------------------+-------+-------+-------++-------
  Melee: Spear             |   107 |   136 |       ||   243
         Trident           |       |    72 |   136 ||   208
         Punch             |       |     1 |     1 ||     2
         Tailslap          |       |     1 |       ||     1
         Halberd           |       |       |   109 ||   109
  Throw: Stone             |       |     1 |     8 ||     9
 Invoke: Berserk           |     2 |     4 |     4 ||    10
         Trog's Hand       |       |     2 |     1 ||     3
    Use: Scroll            |       |     9 |     5 ||    14
   Stab: Sleeping          |     2 |       |       ||     2
 Armour: Leather armour    |    28 |    10 |       ||    38
         Chain mail        |       |    71 |   129 ||   200
  Dodge: Dodged            |    52 |    62 |    79 ||   193

Table legend: (Time is in decaauts)
 A = Elapsed time spent in this place.
 B = Non-inter-level travel time spent in this place.
 C = Inter-level travel time spent in this place.
 D = Time resting spent in this place.
 E = Time spent auto-exploring this place.
 F = Levels seen in this place.
 G = Mean time per level.
                   A        B        C        D        E       F      G
               +--------+--------+--------+--------+--------+-----+--------+
         Total |   6007 |   5625 |    382 |    614 |   3607 |   7 |  858.1 |
       Dungeon |   6007 |   5625 |    382 |    614 |   3607 |   7 |  858.1 |
               +--------+--------+--------+--------+--------+-----+--------+

Top non-repeatable levels by time:
     D:3: 1182 daAuts
     D:2: 1028 daAuts
     D:6: 998 daAuts
     D:4: 934 daAuts
     D:1: 879 daAuts
     D:5: 878 daAuts
     D:7: 106 daAuts
